BLB
PITTSBURGH MILLERS @ PAWTUCKET PATRIOTS
05/04/2060
 
TOP OF THE 1ST
Pittsburgh Millers batting - Pitching for Pawtucket Patriots : RHP Deonte Malone
Pitching: RHP Deonte Malone
Batting: LHB Byron Carlton 0-0: Ball
1-0: Ball
2-0: Called Strike
2-1: Fly out, F9 (Line Drive, 9LM, EV 88.1 MPH)
Batting: RHB Tevin Hawkins 0-0: Ball
1-0: Called Strike
1-1: Ball
2-1: Fly out, F9 (Flyball, 9, EV 90.6 MPH)
Batting: RHB Isaac Pack 0-0: Ball
1-0: Fly out, F8 (Flyball, 8RD, EV 90.6 MPH)
Top of the 1st over - 0 runs, 0 hits, 0 errors, 0 left on base; Pittsburgh 0 - Pawtucket 0
BOTTOM OF THE 1ST
Pawtucket Patriots batting - Pitching for Pittsburgh Millers : RHP Bert Franklin
Pitching: RHP Bert Franklin
Batting: RHB Keith Friday 0-0: Ball
1-0: Ball
2-0: Ball
3-0: Called Strike
3-1: Base on Balls
Batting: SHB Cody Janway 0-0: Called Strike
0-1: Called Strike
0-2: Ball
1-2: Foul Ball, location: 2F
1-2: Fly out, F7 (Flyball, 78S, EV 86.9 MPH)
Batting: LHB Ira Benda 0-0: Called Strike
0-1: Ball
1-1: Fly out, F9 (Flyball, 9LS, EV 91.2 MPH)
Batting: RHB Carter Kocher 0-0: Ball
Keith Friday is caught stealing 2nd base 2-4
Bottom of the 1st over - 0 runs, 0 hits, 0 errors, 0 left on base; Pittsburgh 0 - Pawtucket 0
TOP OF THE 2ND
Pittsburgh Millers batting - Pitching for Pawtucket Patriots : RHP Deonte Malone
Batting: RHB LaMark Canete 0-0: Ball
1-0: Foul Ball, location: 2F
1-1: Foul Ball, location: 2F
1-2: Strikes out swinging
Batting: RHB Colton Coffin 0-0: Ball
1-0: Foul Ball, location: 2F
1-1: Ball
2-1: Ground out 3-1 (Groundball, 34S, EV 85.0 MPH)
Batting: RHB Cato Flaig 0-0: Called Strike
0-1: Foul Ball, location: 2F
0-2: Ball
1-2: Ball
2-2: Foul Ball, location: 2F
2-2: Ball
3-2: Foul Ball, location: 2F
3-2: Strikes out swinging
Top of the 2nd over - 0 runs, 0 hits, 0 errors, 0 left on base; Pittsburgh 0 - Pawtucket 0
BOTTOM OF THE 2ND
Pawtucket Patriots batting - Pitching for Pittsburgh Millers : RHP Bert Franklin
Batting: RHB Carter Kocher 0-0: Ball
1-0: Called Strike
1-1: Foul Ball, location: 2F
1-2: Foul Ball, location: 2F
1-2: Ball
2-2: Ground out 6-3 (Groundball, 56, EV 86.9 MPH)
Batting: LHB Justin Knight 0-0: Foul Ball, location: 2F
0-1: Swinging Strike
0-2: Foul Ball, location: 2F
0-2: Ball
1-2: Foul Ball, location: 2F
1-2: Ball
2-2: Fly out, F8 (Flyball, 78M, EV 84.4 MPH)
Batting: RHB Brayden Carlson 0-0: Ball
1-0: SINGLE (Groundball, 6MD, EV 100.6 MPH)
Batting: LHB Benjamin Guy 0-0: Ball
1-0: Ground out 4-3 (Groundball, 4, EV 98.1 MPH)
Bottom of the 2nd over - 0 runs, 1 hit, 0 errors, 1 left on base; Pittsburgh 0 - Pawtucket 0
TOP OF THE 3RD
Pittsburgh Millers batting - Pitching for Pawtucket Patriots : RHP Deonte Malone
Batting: LHB Skye Maury 0-0: Called Strike
0-1: Ball
1-1: Ball
2-1: TRIPLE (Flyball, 8RXD, EV 101.2 MPH)
Batting: RHB Conner Wilson 0-0: Called Strike
0-1: Ball
1-1: Swinging Strike
1-2: SINGLE (Groundball, 56S, EV 65.0 MPH) (infield hit)
Skye Maury scores
Batting: RHB Seth Laskie 0-0: Ball
Conner Wilson steals 2nd base
1-0: Called Strike
Conner Wilson steals 3rd base
1-1: Fly out, F9 (Line Drive, 9, EV 91.2 MPH)
Runner from 3rd tags up, OUT at HOME! 9-2
Batting: LHB Byron Carlton 0-0: Ball
1-0: Foul Ball, location: 2F
1-1: Ball
2-1: Foul Ball, location: 2F
2-2: Ball
3-2: Base on Balls
Batting: RHB Tevin Hawkins 0-0: Swinging Strike
0-1: Called Strike
Byron Carlton is caught stealing 2nd base 2-4
Top of the 3rd over - 1 run, 2 hits, 0 errors, 0 left on base; Pittsburgh 1 - Pawtucket 0
BOTTOM OF THE 3RD
Pawtucket Patriots batting - Pitching for Pittsburgh Millers : RHP Bert Franklin
Batting: SHB Jaden Maldonado 0-0: Ball
1-0: Ball
2-0: Called Strike
2-1: Ball
3-1: Fly out, F9 (Flyball, 9LSF, EV 82.5 MPH)
Batting: RHB Brenden Morris 0-0: Called Strike
0-1: Ball
1-1: Foul Ball, location: 2F
1-2: Ball
2-2: Strikes out swinging
Batting: RHB Keith Friday 0-0: Ball
1-0: Swinging Strike
1-1: Ball
2-1: Fly out, F8 (Flyball, 8RM, EV 73.8 MPH)
Bottom of the 3rd over - 0 runs, 0 hits, 0 errors, 0 left on base; Pittsburgh 1 - Pawtucket 0
TOP OF THE 4TH
Pittsburgh Millers batting - Pitching for Pawtucket Patriots : RHP Deonte Malone
Batting: RHB Tevin Hawkins 0-0: Fly out, F8 (Flyball, 8RD, EV 103.1 MPH)
Batting: RHB Isaac Pack 0-0: Ball
1-0: Foul Ball, location: 2F
1-1: Ball
2-1: Foul Ball, location: 2F
2-2: SINGLE (Flyball, 7S, EV 93.8 MPH)
Batting: RHB LaMark Canete 0-0: Ball
1-0: Called Strike
1-1: Called Strike
1-2: Foul Ball, location: 2F
1-2: Ball
2-2: SINGLE (Groundball, 56D, EV 104.4 MPH)
Isaac Pack to second
Batting: RHB Colton Coffin 0-0: Ball
1-0: Ball
2-0: Swinging Strike
2-1: Called Strike
2-2: Strikes out swinging
Batting: RHB Cato Flaig 0-0: Ball
1-0: Called Strike
1-1: Ball
2-1: Ball
3-1: Called Strike
3-2: SINGLE (Groundball, 6D, EV 104.4 MPH)
Isaac Pack to third
LaMark Canete to second
Isaac Pack scores
LaMark Canete to third
Batting: LHB Skye Maury 0-0: Hit by Pitch
Cato Flaig to second
Batting: RHB Conner Wilson 0-0: Ball
Wild Pitch!
LaMark Canete scores
Cato Flaig to third
Skye Maury to second
1-0: Foul Ball, location: 2F
1-1: Swinging Strike
1-2: Ball
2-2: SINGLE (Line Drive, 9S, EV 107.5 MPH)
Cato Flaig scores
Skye Maury to third
Batting: RHB Seth Laskie 0-0: Ball
1-0: Called Strike
1-1: Foul Ball, location: 2F
1-2: Strikes out swinging
Top of the 4th over - 3 runs, 4 hits, 0 errors, 2 left on base; Pittsburgh 4 - Pawtucket 0
BOTTOM OF THE 4TH
Pawtucket Patriots batting - Pitching for Pittsburgh Millers : RHP Bert Franklin
Batting: SHB Cody Janway 0-0: Ball
1-0: Ball
2-0: Ball
3-0: Called Strike
3-1: Swinging Strike
3-2: Foul Ball, location: 2F
3-2: Strikes out swinging
Batting: LHB Ira Benda 0-0: Called Strike
0-1: Called Strike
0-2: Ball
1-2: Foul Ball, location: 2F
1-2: Ball
2-2: Foul Ball, location: 2F
2-2: Strikes out looking
Batting: RHB Carter Kocher 0-0: Ball
1-0: Ball
2-0: Ball
3-0: Called Strike
3-1: Foul Ball, location: 2F
3-2: Base on Balls
Batting: LHB Justin Knight 0-0: Ball
Wild Pitch!
Carter Kocher to second
1-0: Ball
2-0: Foul Ball, location: 2F
2-1: Swinging Strike
2-2: Strikes out swinging
Bottom of the 4th over - 0 runs, 0 hits, 0 errors, 1 left on base; Pittsburgh 4 - Pawtucket 0
TOP OF THE 5TH
Pittsburgh Millers batting - Pitching for Pawtucket Patriots : RHP Deonte Malone
Batting: LHB Byron Carlton 0-0: Called Strike
0-1: Called Strike
0-2: Strikes out swinging
Batting: RHB Tevin Hawkins 0-0: Ball
1-0: Called Strike
1-1: Swinging Strike
1-2: Ball
2-2: DOUBLE (Line Drive, 78XD, EV 100.0 MPH)
Pitching: RHP Dabney Gonzalez
Batting: RHB Isaac Pack 0-0: Called Strike
0-1: Ball
1-1: Foul Ball, location: 2F
1-2: Ball
2-2: Ball
3-2: Foul Ball, location: 2F
3-2: Strikes out looking
Batting: RHB LaMark Canete 0-0: Ball
1-0: Ball
2-0: Foul Ball, location: 2F
2-1: Foul Ball, location: 2F
2-2: Strikes out looking
Top of the 5th over - 0 runs, 1 hit, 0 errors, 1 left on base; Pittsburgh 4 - Pawtucket 0
BOTTOM OF THE 5TH
Pawtucket Patriots batting - Pitching for Pittsburgh Millers : RHP Bert Franklin
Batting: RHB Brayden Carlson 0-0: Fly out, F8 (Flyball, 8LS, EV 73.1 MPH)
Batting: LHB Benjamin Guy 0-0: Ball
1-0: Foul Ball, location: 2F
1-1: Swinging Strike
1-2: Strikes out swinging, 2-3 out at first.
Batting: SHB Jaden Maldonado 0-0: Called Strike
0-1: DOUBLE (Line Drive, 78D, EV 104.4 MPH)
Batting: RHB Brenden Morris 0-0: Called Strike
0-1: Foul Ball, location: 2F
0-2: Ball
1-2: Fly out, F3 (Popup, 3F, EV 82.5 MPH)
Bottom of the 5th over - 0 runs, 1 hit, 0 errors, 1 left on base; Pittsburgh 4 - Pawtucket 0
TOP OF THE 6TH
Pittsburgh Millers batting - Pitching for Pawtucket Patriots : RHP Dabney Gonzalez
Batting: RHB Colton Coffin 0-0: Ball
1-0: Ball
2-0: Called Strike
2-1: Ground out 5-3 (Groundball, 56, EV 83.1 MPH)
Batting: RHB Cato Flaig 0-0: Ball
1-0: Foul Ball, location: 2F
1-1: Ball
2-1: Foul Ball, location: 2F
2-2: Ball
3-2: SINGLE (Groundball, 6M, EV 103.1 MPH)
Batting: LHB Skye Maury 0-0: Ball
1-0: Fly out, F9 (Flyball, 89M, EV 83.1 MPH)
Batting: RHB Conner Wilson 0-0: Fly out, F9 (Flyball, 9S, EV 83.1 MPH)
Top of the 6th over - 0 runs, 1 hit, 0 errors, 1 left on base; Pittsburgh 4 - Pawtucket 0
BOTTOM OF THE 6TH
Pawtucket Patriots batting - Pitching for Pittsburgh Millers : RHP Bert Franklin
Batting: RHB Keith Friday 0-0: SINGLE (Groundball, 56D, EV 97.5 MPH)
Batting: SHB Cody Janway 0-0: Called Strike
0-1: Ball
1-1: Foul Ball, location: 2F
1-2: Foul Ball, location: 2F
1-2: DOUBLE (Groundball, 3L, EV 95.0 MPH)
Keith Friday to third
Pitching: LHP Phil Cole
Batting: LHB Ira Benda 0-0: Foul Ball, location: 2F
0-1: Swinging Strike
0-2: Ball
1-2: Ball
2-2: Foul Ball, location: 2F
2-2: Ground out 4-3 (Groundball, 4, EV 88.1 MPH)
Keith Friday scores
Cody Janway to third
Batting: RHB Carter Kocher 0-0: Ball
1-0: Foul Ball, location: 2F
1-1: Foul Ball, location: 2F
1-2: Foul Ball, location: 2F
1-2: Ball
2-2: Ball
3-2: Foul Ball, location: 2F
3-2: Base on Balls
Batting: LHB Justin Knight 0-0: Called Strike
0-1: Ball
1-1: Ball
2-1: SINGLE (Line Drive, 8RS, EV 111.9 MPH)
Cody Janway scores
Carter Kocher to second
Batting: RHB Brayden Carlson 0-0: Ball
1-0: Grounds into double play, 4-6-3 (Groundball, 4, EV 107.5 MPH)
Bottom of the 6th over - 2 runs, 3 hits, 0 errors, 1 left on base; Pittsburgh 4 - Pawtucket 2
TOP OF THE 7TH
Pittsburgh Millers batting - Pitching for Pawtucket Patriots : RHP Dabney Gonzalez
Batting: RHB Seth Laskie 0-0: Ball
1-0: Ball
2-0: Fly out, F7 (Flyball, 7LM, EV 91.9 MPH)
Batting: LHB Byron Carlton 0-0: Swinging Strike
0-1: Foul Ball, location: 2F
0-2: Foul Ball, location: 2F
0-2: Foul Ball, location: 2F
0-2: Ball
1-2: Ball
2-2: Ball
3-2: Base on Balls
Batting: RHB Tevin Hawkins 0-0: Ball
Byron Carlton steals 2nd base (no throw)
1-0: Ball
2-0: Ball
3-0: Base on Balls
Pitching: RHP Gage Curling
Batting: RHB Isaac Pack 0-0: Called Strike
0-1: Swinging Strike
0-2: Ball
1-2: Ball
2-2: Ball
3-2: Foul Ball, location: 2F
3-2: Strikes out looking
Batting: RHB LaMark Canete 0-0: Ball
1-0: Called Strike
1-1: 3-RUN HOME RUN (Flyball, 7D, EV 98.1 MPH), Distance : 344 ft
Batting: RHB Colton Coffin 0-0: Foul Ball, location: 2F
0-1: Ball
1-1: Called Strike
1-2: Foul Ball, location: 2F
1-2: Foul Ball, location: 2F
1-2: Ball
2-2: SOLO HOME RUN (Flyball, 7D, EV 96.2 MPH), Distance : 354 ft
Batting: RHB Cato Flaig 0-0: Ball
1-0: Ball
2-0: Ball
3-0: Foul Ball, location: 2F
3-1: Called Strike
3-2: Foul Ball, location: 2F
3-2: Base on Balls
Batting: LHB Skye Maury 0-0: Swinging Strike
0-1: Ball
1-1: Ball
2-1: Called Strike
2-2: Strikes out looking
Top of the 7th over - 4 runs, 2 hits, 0 errors, 1 left on base; Pittsburgh 8 - Pawtucket 2
BOTTOM OF THE 7TH
Pawtucket Patriots batting - Pitching for Pittsburgh Millers : LHP Phil Cole
Batting: LHB Benjamin Guy 0-0: Called Strike
0-1: SINGLE (Groundball, 6MD, EV 95.0 MPH)
Batting: SHB Jaden Maldonado 0-0: Called Strike
0-1: Called Strike
0-2: Fly out, F8 (Line Drive, 8LD, EV 91.9 MPH)
Batting: RHB Brenden Morris 0-0: Foul Ball, location: 2F
0-1: Foul Ball, location: 2F
0-2: Ball
1-2: Ball
2-2: Foul Ball, location: 2F
2-2: Fly out, F6 (Popup, P, EV 83.1 MPH)
Pitching: RHP Shavar Hannan
Batting: RHB Keith Friday 0-0: Called Strike
0-1: Ball
1-1: Ball
2-1: Fly out, F8 (Line Drive, 8LM, EV 107.5 MPH)
Bottom of the 7th over - 0 runs, 1 hit, 0 errors, 1 left on base; Pittsburgh 8 - Pawtucket 2
TOP OF THE 8TH
Pittsburgh Millers batting - Pitching for Pawtucket Patriots : RHP Gage Curling
Pitching: LHP Micah Brock
Batting: RHB Conner Wilson 0-0: Ball
1-0: Ball
2-0: Called Strike
2-1: Foul Ball, location: 2F
2-2: Foul Ball, location: 2F
2-2: Strikes out looking
Batting: RHB Seth Laskie 0-0: Swinging Strike
0-1: Ball
1-1: Swinging Strike
1-2: Strikes out swinging
Batting: LHB Byron Carlton 0-0: Called Strike
0-1: Ball
1-1: Called Strike
1-2: Foul Ball, location: 2F
1-2: Strikes out swinging
Top of the 8th over - 0 runs, 0 hits, 0 errors, 0 left on base; Pittsburgh 8 - Pawtucket 2
BOTTOM OF THE 8TH
Pawtucket Patriots batting - Pitching for Pittsburgh Millers : RHP Shavar Hannan
Batting: SHB Cody Janway 0-0: Foul Ball, location: 2F
0-1: Swinging Strike
0-2: Ball
1-2: Ball
2-2: Foul Ball, location: 2F
2-2: Foul Ball, location: 2F
2-2: Ball
3-2: Foul Ball, location: 2F
3-2: Ground out 5-3 (Groundball, 56, EV 108.8 MPH)
Batting: LHB Ira Benda 0-0: Ball
1-0: Called Strike
1-1: Foul Ball, location: 2F
1-2: DOUBLE (Groundball, 3L, EV 100.6 MPH)
Batting: RHB Carter Kocher 0-0: Swinging Strike
0-1: Foul Ball, location: 2F
0-2: Strikes out swinging
Batting: LHB Justin Knight 0-0: Ground out 4-3 (Groundball, 4M, EV 85.0 MPH)
Bottom of the 8th over - 0 runs, 1 hit, 0 errors, 1 left on base; Pittsburgh 8 - Pawtucket 2
TOP OF THE 9TH
Pittsburgh Millers batting - Pitching for Pawtucket Patriots : LHP Micah Brock
Batting: RHB Tevin Hawkins 0-0: Swinging Strike
0-1: Ball
1-1: SINGLE (Groundball, 5S, EV 66.9 MPH) (infield hit)
Pinch Runner at 1st Allan Jett:
Batting: RHB Isaac Pack 0-0: Called Strike
0-1: Ball
1-1: Called Strike
1-2: Foul Ball, location: 2F
1-2: Foul Ball, location: 2F
1-2: Foul Ball, location: 2F
1-2: Ground out 6-3 (Groundball, 6M, EV 103.8 MPH)
Allan Jett to second
Batting: RHB LaMark Canete 0-0: SINGLE (Flyball, 9LS, EV 95.6 MPH)
Allan Jett to third
Runner from 3rd tries for Home, throw by RF and OUT! 9-2
Pitching: RHP Tommy Pitz
Batting: RHB Colton Coffin 0-0: Ball
1-0: Ball
2-0: Foul Ball, location: 2F
2-1: Ball
3-1: Swinging Strike
3-2: SINGLE (Groundball, 56D, EV 103.1 MPH)
LaMark Canete to second
LaMark Canete to third
Batting: RHB Cato Flaig 0-0: Ball
1-0: Foul Ball, location: 2F
1-1: Called Strike
1-2: Ball
2-2: Strikes out swinging
Top of the 9th over - 0 runs, 3 hits, 0 errors, 2 left on base; Pittsburgh 8 - Pawtucket 2
BOTTOM OF THE 9TH
Pawtucket Patriots batting - Pitching for Pittsburgh Millers : RHP Shavar Hannan
Now at 2B: Allan Jett
Batting: RHB Brayden Carlson 0-0: SINGLE (Groundball, 6MD, EV 103.8 MPH)
Batting: LHB Benjamin Guy 0-0: Foul Ball, location: 2F
0-1: Ball
1-1: Foul Ball, location: 2F
1-2: Strikes out swinging
Batting: SHB Jaden Maldonado 0-0: Foul Ball, location: 2F
0-1: SINGLE (Line Drive, 34D, EV 101.2 MPH)
Brayden Carlson to second
Batting: RHB Brenden Morris 0-0: Ball
1-0: Called Strike
1-1: Foul Ball, location: 2F
1-2: Ball
2-2: Strikes out swinging
Batting: RHB Keith Friday 0-0: Ball
1-0: SINGLE (Groundball, 6M, EV 98.8 MPH) (infield hit)
Brayden Carlson to third
Jaden Maldonado to second
Batting: SHB Cody Janway 0-0: Called Strike
0-1: Ball
1-1: Ground out 4-3 (Groundball, 34, EV 81.9 MPH)
Bottom of the 9th over - 0 runs, 3 hits, 0 errors, 3 left on base; Pittsburgh 8 - Pawtucket 2
Monday, April 29th , 2024 - OOTP Baseball 23.10 Build 110